 Dungeon Crawl Stone Soup version 0.17-a0-1906-g6d5812e (webtiles) character file.

148 tablen the Insei (level 5, -1/37 HPs)
             Began as an Octopode Monk on Sept 25, 2015.
             Slain by a worker ant (4 damage)
             ... on level 4 of the Dungeon.
             The game lasted 00:11:33 (2469 turns).

tablen the Insei (Octopode Monk)                    Turns: 2469, Time: 00:11:33

Health: -1/37      AC:  1    Str: 14 (16) XL:     5   Next: 30%
Magic:  5/5        EV: 14    Int: 12      God:
Gold:   118        SH:  0    Dex: 15      Spells: 0 memorised, 4 levels left

rFire  . . .     SeeInvis .       - Unarmed
rCold  . . .     Clarity  .     (no shield)
rNeg   + . .     SustAt   .     (helmet restricted)
rPois  .         Gourm    .     (no amulet)
rElec  .         Spirit   .     b - ring of positive energy
rCorr  .         Warding  .     (no ring)
rMut   .         Stasis   .     (no ring)
MR     .....                    (no ring)
Stlth  ++++......               (no ring)
                                (no ring)
                                (no ring)
                                (no ring)

@: mighty, very slightly contaminated, not resistant to hostile enchantments,
stealthy
A: almost no armour, amphibious, 8 rings, constrict 8, camouflage 1, gelatinous
body 1
a: no special abilities


You were on level 4 of the Dungeon.
You were hungry.

You visited 1 branch of the dungeon, and saw 4 of its levels.

You collected 118 gold pieces.

Inventory:

Jewellery
 b - a ring of positive energy (left tentacle)
Scrolls
 c - 3 scrolls of identify
 d - a scroll of enchant weapon {unknown}
Comestibles
 a - a bread ration


   Skills:
 * Level 3.8 Fighting
 + Level 3.7 Dodging
 + Level 3.6 Stealth
 * Level 5.1 Unarmed Combat


You had 4 spell levels left.
You didn't know any spells.

Dungeon Overview and Level Annotations

Branches:
Dungeon (4/15)
 Temple: D:4-7

Altars:
Qazlal
The Shining One


Innate Abilities, Weirdness & Mutations

You cannot wear most types of armour.
You are amphibious.
You can wear up to eight rings at the same time.
You can use your tentacles to constrict eight enemies at once.
Your skin changes colour to match your surroundings (Stealth).
Your rubbery body absorbs attacks (AC +1).


Message History

Okay, then.
You feel sick.
You feel sick. The adder bites you.
* * * LOW HITPOINT WARNING * * *
The worker ant twitches its antennae in your direction.
You bludgeon the adder! Your grab misses the adder. You squeeze the adder.
You kill the adder!
You see here an adder corpse.
* * * LOW HITPOINT WARNING * * *
You feel sick.
* * * LOW HITPOINT WARNING * * *
You feel sick.
You are no longer poisoned.
You tentacle-slap the worker ant but do no damage.
You grab the worker ant. You squeeze the worker ant.
The worker ant is moderately wounded.
You constrict the worker ant, but do no damage.
The worker ant bites you.
You die...

## #######################. #
.......@a............... #.
######################†.
#..##.#####............. #..
#.........#.##########.###..
..#..##.........(.............
.......<..#.#.########.#.###..
#....[.#.#>....# #####.#.###..
#....# #.........
..........#.. #.##.#
#####...########.#.#.#.#


You could see a worker ant.

Vanquished Creatures
  9 adders
  An ooze (D:2)
  2 worms
  A giant gecko (D:2)
  3 giant cockroaches
  9 hobgoblins
  2 kobolds (D:2)
  A ball python (D:2)
  3 bats
  3 giant newts
  5 goblins
  8 jackals
  10 rats
57 creatures vanquished.

Notes
Turn   | Place    | Note
--------------------------------------------------------------
     0 | D:1      | tablen the Octopode Monk began the quest for the Orb.
     0 | D:1      | Reached XP level 1. HP: 16/16 MP: 1/1
     0 | D:1      | Noticed an orb of fire
     0 | D:1      | Noticed a shadow dragon
     1 | D:1      | Noticed a shadow dragon
     1 | D:1      | Noticed an orb of fire
     3 | D:1      | Noticed a large abomination
     5 | D:1      | Noticed an iron dragon
     6 | D:1      | Noticed an ice dragon
     7 | D:1      | Noticed an ice dragon
     8 | D:1      | Noticed an ice dragon
    10 | D:1      | Noticed an orb of fire
    12 | D:1      | Noticed a large abomination
    14 | D:1      | Noticed a large abomination
    16 | D:1      | Noticed a shadow dragon
    18 | D:1      | Noticed an orb of fire
    18 | D:1      | Noticed a large abomination
    21 | D:1      | Noticed an orb of fire
   276 | D:1      | Reached XP level 2. HP: 19/21 MP: 2/2
   736 | D:2      | Reached XP level 3. HP: 26/26 MP: 3/3
   913 | D:2      | Found a stormy altar of Qazlal.
  1132 | D:2      | Reached XP level 4. HP: 22/31 MP: 4/4
  1373 | D:2      | Found a glowing golden altar of the Shining One.
  1382 | D:2      | Became a worshipper of the Shining One
  1382 | D:2      | Acquired the Shining One's first power
  1382 | D:2      | Acquired the Shining One's second power
  1427 | D:2      | Fell from the grace of the Shining One
  2191 | D:3      | Reached skill level 5 in Unarmed Combat
  2191 | D:3      | Reached XP level 5. HP: 37/37 MP: 5/5
  2459 | D:4      | HP: 1/37 [poisoned by an adder]
  2469 | D:4      | Slain by a worker ant

Vault maps used:
D:1:      shiori_arrival_whats_in_store_for_you, minmay_misc_feat_x,
          lexackson_kobold_supper
D:2:      lemuel_doored_altar, lemuel_round_altar
D:3:      nicolae_overflow_crystal_walls, minmay_tree_intersection

Action                   |  1- 3 |  4- 6 || total
-------------------------+-------+-------++-------
Melee: Unarmed           |    62 |    68 ||   130
Invok: Renounce Religion |       |     1 ||     1
  Use: Potion            |     1 |     4 ||     5
       Scroll            |     2 |     1 ||     3
 Stab: Sleeping          |     3 |     4 ||     7
  Eat: Bread ration      |       |     1 ||     1
